MID
BINGHAMTON METS @ PEORIA CHIEFS
08/21/2047
 
TOP OF THE 1ST
Binghamton Mets batting - Pitching for Peoria Chiefs : RHP Danny Cook
Pitching: RHP Danny Cook
Batting: RHB Oscar Bravo 0-0: Ball
1-0: Ball
2-0: Swinging Strike
2-1: Ball
3-1: Ground out 5-3 (Groundball, 56S, EV 92.5 MPH)
Batting: RHB Rich Cracchiolo 0-0: Ball
1-0: DOUBLE (Line Drive, 89D, EV 103.1 MPH)
Batting: LHB Bayesa Mundhir 0-0: Foul Ball, location: 2F
0-1: Foul Ball, location: 2F
0-2: Strikes out swinging
Batting: LHB Tony Leyba 0-0: Ground out 4-3 (Groundball, 4, EV 85.6 MPH)
Top of the 1st over - 0 runs, 1 hit, 0 errors, 1 left on base; Binghamton 0 - Peoria 0
BOTTOM OF THE 1ST
Peoria Chiefs batting - Pitching for Binghamton Mets : RHP Eddie Carrasco
Pitching: RHP Eddie Carrasco
Batting: RHB Fekadu Alhaadi 0-0: SINGLE (Groundball, 5S, EV 68.8 MPH) (infield hit)
Batting: LHB Jorge Zarazua 0-0: Foul Ball, location: 2F
0-1: Ball
1-1: SINGLE (Line Drive, 9S, EV 98.1 MPH)
Fekadu Alhaadi to second
Runner from 2nd tries for 3rd, SAFE, throw by RF made to third
Batting: RHB Jose Jimenez 0-0: Swinging Strike
0-1: Foul Ball, location: 2F
0-2: Foul Ball, location: 2F
0-2: Strikes out looking
Batting: LHB Travis Ruppel 0-0: Ball
1-0: Called Strike
1-1: Ball
2-1: Ball
3-1: Base on Balls
Jorge Zarazua to second
Batting: RHB Tommy Boudreaux 0-0: Ball
1-0: Ball
2-0: Grounds into double play, 5-4-3 (Groundball, 56, EV 99.4 MPH)
Bottom of the 1st over - 0 runs, 2 hits, 0 errors, 2 left on base; Binghamton 0 - Peoria 0
TOP OF THE 2ND
Binghamton Mets batting - Pitching for Peoria Chiefs : RHP Danny Cook
Batting: RHB Jordan Williams 0-0: Called Strike
0-1: Ball
1-1: Ball
2-1: Foul Ball, location: 2F
2-2: Ball
3-2: SINGLE (Flyball, 9LS, EV 93.1 MPH)
Batting: LHB Preston Knaak Pickoff Throw to First - Error! E1
Jordan Williams to second
0-0: Foul Ball, location: 2F
0-1: Called Strike
0-2: Strikes out swinging
Batting: RHB Fathi Addae 0-0: Swinging Strike
0-1: Foul Ball, location: 2F
0-2: Strikes out looking
Batting: RHB Gang-sheng Chew 0-0: Ball
1-0: Swinging Strike
1-1: Swinging Strike
1-2: Foul Ball, location: 2F
1-2: Ground out 5-3 (Groundball, 5, EV 92.5 MPH)
Top of the 2nd over - 0 runs, 1 hit, 1 error, 1 left on base; Binghamton 0 - Peoria 0
BOTTOM OF THE 2ND
Peoria Chiefs batting - Pitching for Binghamton Mets : RHP Eddie Carrasco
Batting: RHB Tim Jobe 0-0: Ball
1-0: Foul Ball, location: 2F
1-1: Ball
2-1: Fly out, F8 (Flyball, 8RD, EV 98.1 MPH)
Batting: RHB Richard Riggs 0-0: Called Strike
0-1: Ground out 4-3 (Groundball, 4, EV 106.9 MPH)
Batting: RHB Herbert Loveless 0-0: Called Strike
0-1: Foul Ball, location: 2F
0-2: Foul Ball, location: 2F
0-2: Ball
1-2: Ball
2-2: Ball
3-2: Ground out 4-3 (Groundball, 4, EV 103.1 MPH)
Bottom of the 2nd over - 0 runs, 0 hits, 0 errors, 0 left on base; Binghamton 0 - Peoria 0
TOP OF THE 3RD
Binghamton Mets batting - Pitching for Peoria Chiefs : RHP Danny Cook
Batting: SHB Ryan Brown 0-0: Ball
1-0: Called Strike
1-1: Ball
2-1: Ground out 6-3 (Groundball, 6MD, EV 106.2 MPH)
Batting: RHB Oscar Bravo 0-0: Ground out 4-3 (Groundball, 4, EV 83.1 MPH)
Batting: RHB Rich Cracchiolo 0-0: Called Strike
0-1: Foul Ball, location: 2F
0-2: Ball
1-2: Ground out 5-3 (Groundball, 15, EV 81.2 MPH)
Top of the 3rd over - 0 runs, 0 hits, 0 errors, 0 left on base; Binghamton 0 - Peoria 0
BOTTOM OF THE 3RD
Peoria Chiefs batting - Pitching for Binghamton Mets : RHP Eddie Carrasco
Batting: RHB Tim Cleary 0-0: Swinging Strike
0-1: Ball
1-1: Foul Ball, location: 2F
1-2: Fly out, F7 (Line Drive, 78D, EV 98.8 MPH)
Batting: RHB Fekadu Alhaadi 0-0: Called Strike
0-1: Ball
1-1: Ball
2-1: Ball
3-1: Foul Ball, location: 2F
3-2: Foul Ball, location: 2F
3-2: Ground out 5-3 (Groundball, 15, EV 88.1 MPH)
Batting: LHB Jorge Zarazua 0-0: Ball
1-0: Called Strike
1-1: Fly out, F7 (Line Drive, 7, EV 98.8 MPH)
Bottom of the 3rd over - 0 runs, 0 hits, 0 errors, 0 left on base; Binghamton 0 - Peoria 0
TOP OF THE 4TH
Binghamton Mets batting - Pitching for Peoria Chiefs : RHP Danny Cook
Batting: LHB Bayesa Mundhir 0-0: Swinging Strike
0-1: Swinging Strike
0-2: Ball
1-2: Ball
2-2: DOUBLE (Line Drive, 7LD, EV 110.0 MPH)
Batting: LHB Tony Leyba 0-0: Fly out, F7 (Flyball, 78M, EV 89.4 MPH)
Batting: RHB Jordan Williams 0-0: Ball
1-0: Called Strike
1-1: Foul Ball, location: 2F
1-2: Ground out 5-3 (Groundball, 56, EV 96.2 MPH)
Batting: LHB Preston Knaak 0-0: Called Strike
0-1: Called Strike
0-2: Foul Ball, location: 2F
0-2: Strikes out looking
Top of the 4th over - 0 runs, 1 hit, 0 errors, 1 left on base; Binghamton 0 - Peoria 0
BOTTOM OF THE 4TH
Peoria Chiefs batting - Pitching for Binghamton Mets : RHP Eddie Carrasco
Batting: RHB Jose Jimenez 0-0: Ball
1-0: Ball
2-0: Ball
3-0: Base on Balls
Batting: LHB Travis Ruppel 0-0: Ball
1-0: Ball
2-0: Called Strike
2-1: Ball
3-1: Called Strike
3-2: Foul Ball, location: 2F
3-2: Foul Ball, location: 2F
3-2: Strikes out swinging
Jose Jimenez steals 2nd base
Batter strikes out.
Batting: RHB Tommy Boudreaux 0-0: Foul Ball, location: 2F
0-1: Foul Ball, location: 2F
0-2: Foul Ball, location: 2F
0-2: Foul Ball, location: 2F
0-2: Ball
1-2: Ground out 6-3 (Groundball, 56, EV 76.9 MPH)
Batting: RHB Tim Jobe 0-0: Swinging Strike
0-1: Ball
1-1: Ground out 6-3 (Groundball, 6, EV 90.6 MPH)
Bottom of the 4th over - 0 runs, 0 hits, 0 errors, 1 left on base; Binghamton 0 - Peoria 0
TOP OF THE 5TH
Binghamton Mets batting - Pitching for Peoria Chiefs : RHP Danny Cook
Batting: RHB Fathi Addae 0-0: Foul Ball, location: 2F
0-1: Called Strike
0-2: Fly out, F3 (Popup, 34, EV 61.9 MPH)
Batting: RHB Gang-sheng Chew 0-0: Foul Ball, location: 2F
0-1: Ball
1-1: Ball
2-1: Ball
3-1: Foul Ball, location: 2F
3-2: Foul Ball, location: 2F
3-2: Foul Ball, location: 2F
3-2: Strikes out swinging
Batting: SHB Ryan Brown 0-0: Called Strike
0-1: Called Strike
0-2: Foul Ball, location: 2F
0-2: Strikes out swinging
Top of the 5th over - 0 runs, 0 hits, 0 errors, 0 left on base; Binghamton 0 - Peoria 0
BOTTOM OF THE 5TH
Peoria Chiefs batting - Pitching for Binghamton Mets : RHP Eddie Carrasco
Batting: RHB Richard Riggs 0-0: Foul Ball, location: 2F
0-1: Ball
1-1: Ball
2-1: DOUBLE (Flyball, 78D, EV 100.0 MPH)
Batting: RHB Herbert Loveless 0-0: Ball
1-0: Ball
2-0: Foul Ball, location: 2F
2-1: Ball
3-1: Ground out 1-3 (Groundball, P, EV 61.2 MPH)
Richard Riggs to third
Batting: RHB Tim Cleary 0-0: Ball
1-0: Foul Ball, location: 2F
1-1: Ball
2-1: Ball
3-1: Foul Ball, location: 2F
3-2: Base on Balls
Batting: RHB Fekadu Alhaadi 0-0: Ball
1-0: Swinging Strike
1-1: Ball
2-1: Called Strike
2-2: Foul Ball, location: 2F
2-2: 3-RUN HOME RUN (Flyball, 7D, EV 98.1 MPH), Distance : 371 ft
Batting: LHB Jorge Zarazua 0-0: Swinging Strike
0-1: Ball
1-1: Ball
2-1: Swinging Strike
2-2: Strikes out looking
Batting: RHB Jose Jimenez 0-0: Ball
1-0: Ball
2-0: Called Strike
2-1: Ball
3-1: Base on Balls
Batting: LHB Travis Ruppel 0-0: Ball
1-0: Swinging Strike
1-1: Ground out U3 (Groundball, 3, EV 83.1 MPH)
Bottom of the 5th over - 3 runs, 2 hits, 0 errors, 1 left on base; Binghamton 0 - Peoria 3
TOP OF THE 6TH
Binghamton Mets batting - Pitching for Peoria Chiefs : RHP Danny Cook
Batting: RHB Oscar Bravo 0-0: Ball
1-0: Ball
2-0: Foul Ball, location: 2F
2-1: Called Strike
2-2: Foul Ball, location: 2F
2-2: Strikes out looking
Batting: RHB Rich Cracchiolo 0-0: Ball
1-0: Ball
2-0: Ball
3-0: Called Strike
3-1: SINGLE (Line Drive, 4M, EV 96.9 MPH)
Batting: LHB Bayesa Mundhir 0-0: Ball
1-0: DOUBLE (Line Drive, 78D, EV 105.0 MPH)
Rich Cracchiolo to third
Batting: LHB Tony Leyba 0-0: Ball
1-0: Foul Ball, location: 2F
1-1: SINGLE (Groundball, 4MD, EV 99.4 MPH)
Rich Cracchiolo scores
Bayesa Mundhir to third
Batting: RHB Jordan Williams 0-0: Ball
1-0: Foul Ball, location: 2F
1-1: DOUBLE (Flyball, 8RXD, EV 95.6 MPH)
Bayesa Mundhir scores
Tony Leyba to third
Runner from 3rd tries for Home, SAFE, throw by CF to home
Batting: LHB Preston Knaak 0-0: Intentional Walk
Pitching: RHP Ray Strehler
Batting: RHB Fathi Addae 0-0: Ball
1-0: SINGLE (Line Drive, 8RS, EV 92.5 MPH)
Jordan Williams to third
Preston Knaak to second
Batting: RHB Gang-sheng Chew 0-0: Ball
1-0: Ball
2-0: Foul Ball, location: 2F
2-1: Foul Ball, location: 2F
2-2: Ball
3-2: Strikes out swinging
Batting: SHB Ryan Brown 0-0: Swinging Strike
0-1: Swinging Strike
0-2: Strikes out swinging
Top of the 6th over - 3 runs, 5 hits, 0 errors, 3 left on base; Binghamton 3 - Peoria 3
BOTTOM OF THE 6TH
Peoria Chiefs batting - Pitching for Binghamton Mets : RHP Eddie Carrasco
Batting: RHB Tommy Boudreaux 0-0: Ball
1-0: SINGLE (Groundball, 4MD, EV 102.5 MPH)
Batting: RHB Tim Jobe 0-0: Called Strike
0-1: SINGLE (Groundball, 34D, EV 96.2 MPH)
Tommy Boudreaux to second
Runner from 2nd tries for 3rd, SAFE, throw by RF made to third
Batting: RHB Richard Riggs 0-0: Called Strike
0-1: Called Strike
0-2: Ball
1-2: Strikes out swinging
Pitching: RHP Rodriguo Persoa
Batting: RHB Herbert Loveless 0-0: Called Strike
0-1: Foul Ball, location: 2F
0-2: Ball
1-2: Ball
2-2: Strikes out looking
Pinch Hitting: SHB Bobby O'Leary 0-0: Ball
1-0: Foul Ball, location: 2F
1-1: Ball
2-1: Swinging Strike
2-2: Ground out 4-3 (Groundball, 4, EV 85.0 MPH)
Bottom of the 6th over - 0 runs, 2 hits, 0 errors, 2 left on base; Binghamton 3 - Peoria 3
TOP OF THE 7TH
Binghamton Mets batting - Pitching for Peoria Chiefs : RHP Ray Strehler
Now at SS: Robby Hickman
Batting: RHB Oscar Bravo 0-0: Foul Ball, location: 2F
0-1: Swinging Strike
0-2: Ball
1-2: Ball
2-2: Ball
3-2: Strikes out swinging
Batting: RHB Rich Cracchiolo 0-0: Called Strike
0-1: Ball
1-1: Ball
2-1: Foul Ball, location: 2F
2-2: Strikes out looking
Batting: LHB Bayesa Mundhir 0-0: Ground out 4-3 (Groundball, 4, EV 100.0 MPH)
Top of the 7th over - 0 runs, 0 hits, 0 errors, 0 left on base; Binghamton 3 - Peoria 3
BOTTOM OF THE 7TH
Peoria Chiefs batting - Pitching for Binghamton Mets : RHP Rodriguo Persoa
Pitching: RHP Ian Daniels
Batting: RHB Fekadu Alhaadi 0-0: Swinging Strike
0-1: Foul Ball, location: 2F
0-2: Strikes out swinging
Batting: LHB Jorge Zarazua 0-0: Called Strike
0-1: Called Strike
0-2: Foul Ball, location: 2F
0-2: Ball
1-2: Strikes out looking
Batting: RHB Jose Jimenez 0-0: Ball
1-0: Foul Ball, location: 2F
1-1: Swinging Strike
1-2: Strikes out swinging
Bottom of the 7th over - 0 runs, 0 hits, 0 errors, 0 left on base; Binghamton 3 - Peoria 3
TOP OF THE 8TH
Binghamton Mets batting - Pitching for Peoria Chiefs : RHP Ray Strehler
Pitching: RHP Kohsuke Naito
Batting: LHB Tony Leyba 0-0: Ball
1-0: Ball
2-0: SINGLE (Flyball, 89S, EV 85.6 MPH)
Pinch Hitting: SHB Masatoshi Akahoshi 0-0: Called Strike
0-1: Ball
1-1: Called Strike
1-2: Ball
2-2: Foul Ball, location: 2F
2-2: Foul Ball, location: 2F
2-2: Reached on error, E4 (Groundball, 34, EV 80.0 MPH)
Tony Leyba to third
Batting: LHB Preston Knaak 0-0: Intentional Walk
Batting: RHB Fathi Addae 0-0: Called Strike
0-1: Called Strike
0-2: Ball
1-2: Strikes out swinging
Batting: RHB Gang-sheng Chew 0-0: Called Strike
0-1: DOUBLE (Groundball, 5D, EV 105.0 MPH)
Tony Leyba scores
Masatoshi Akahoshi scores
Preston Knaak to third
Batting: SHB Ryan Brown 0-0: Ball
1-0: Foul Ball, location: 2F
1-1: Swinging Strike
1-2: Strikes out swinging
Batting: RHB Oscar Bravo 0-0: Ball
1-0: Ball
2-0: Ball
3-0: Foul Ball, location: 2F
3-1: Ground out 3-1 (Groundball, 3D, EV 76.9 MPH)
Top of the 8th over - 2 runs, 2 hits, 1 error, 2 left on base; Binghamton 5 - Peoria 3
BOTTOM OF THE 8TH
Peoria Chiefs batting - Pitching for Binghamton Mets : RHP Ian Daniels
Pitching: RHP Edwin Velazquez
Now in RF: Jose Lara
Batting: LHB Travis Ruppel 0-0: Called Strike
0-1: SINGLE (Flyball, 9S, EV 90.0 MPH)
Batting: RHB Tommy Boudreaux 0-0: Ball
1-0: Called Strike
1-1: Swinging Strike
1-2: Strikes out swinging
Batting: RHB Tim Jobe 0-0: Called Strike
0-1: Ball
1-1: Ball
2-1: Grounds into double play, 6-4-3 (Groundball, 6, EV 87.5 MPH)
Bottom of the 8th over - 0 runs, 1 hit, 0 errors, 0 left on base; Binghamton 5 - Peoria 3
TOP OF THE 9TH
Binghamton Mets batting - Pitching for Peoria Chiefs : RHP Kohsuke Naito
Pitching: RHP Francisco Reyes
Batting: RHB Rich Cracchiolo 0-0: Ball
1-0: Called Strike
1-1: Foul Ball, location: 2F
1-2: Ball
2-2: Ball
3-2: Foul Ball, location: 2F
3-2: Fly out, F4 (Line Drive, 4, EV 67.5 MPH)
Batting: LHB Bayesa Mundhir 0-0: Ball
1-0: Called Strike
1-1: Ball
2-1: Ball
3-1: Fly out, F7 (Flyball, 7D, EV 106.2 MPH)
Batting: LHB Tony Leyba 0-0: Ball
1-0: Called Strike
1-1: Ball
2-1: SINGLE (Groundball, 23, EV 71.9 MPH) (infield hit)
Batting: RHB Jose Lara 0-0: Ball
1-0: Called Strike
1-1: SINGLE (Line Drive, 8LS, EV 92.5 MPH)
Tony Leyba to second
Batting: LHB Preston Knaak 0-0: Called Strike
0-1: Swinging Strike
0-2: Ball
1-2: Ball
2-2: Strikes out swinging
Top of the 9th over - 0 runs, 2 hits, 0 errors, 2 left on base; Binghamton 5 - Peoria 3
BOTTOM OF THE 9TH
Peoria Chiefs batting - Pitching for Binghamton Mets : RHP Edwin Velazquez
Pitching: RHP Al Rios
Now at 1B: Victor Reyes
Batting: RHB Richard Riggs 0-0: Ball
1-0: Ball
2-0: Ball
3-0: Called Strike
3-1: SINGLE (Groundball, 56D, EV 99.4 MPH)
Batting: RHB Herbert Loveless 0-0: Called Strike
0-1: Ball
1-1: Ball
2-1: Ball
3-1: Called Strike
3-2: Strikes out swinging
Richard Riggs steals 2nd base
Batter strikes out.
Batting: RHB Robby Hickman 0-0: Ball
1-0: Ball
2-0: Called Strike
2-1: Foul Ball, location: 2F
2-2: Ball
3-2: Base on Balls
Pitching: RHP Guillermo de Leon
Batting: RHB Fekadu Alhaadi 0-0: Called Strike
0-1: Swinging Strike
0-2: Strikes out looking
Batting: LHB Jorge Zarazua 0-0: Ball
1-0: SINGLE (Line Drive, 34, EV 103.1 MPH)
Richard Riggs to third
Robby Hickman to second
Batting: RHB Jose Jimenez 0-0: Ball
1-0: Foul Ball, location: 2F
1-1: Fielders Choice at 2nd, 6-4 (Groundball, 6, EV 105.6 MPH)
Bottom of the 9th over - 0 runs, 2 hits, 0 errors, 3 left on base; Binghamton 5 - Peoria 3
Thursday, December 15th , 2022 - OOTP Baseball 23.9 Build 102